[ AOE2 MATCH · #504982860 ]
UnrankedBohemians vs Dravidians
Player's team · LOSS
Rival team · WIN
[ REPLAY ANALYSIS · EXTRACTED FROM THE RECORDED GAME ]
Feudal
11:46
Castle
15:36
Imperial
37:08
| APM avg | 52.0 |
| APM peak | 96 |
| eAPM avg | 23.6 |
| Villagers / military | 142 / 34 |
Focus
⚔️ 29.4% · 🌾 70.6%
Bombard Cannon ×12 · Hand Cannoneer ×6 · Scorpion ×5 · Monk ×4 · Knight ×4 · Battering Ram ×2
Feudal
8:18
Castle
19:38
Imperial
35:11
| APM avg | 33.0 |
| APM peak | 53 |
| eAPM avg | 22.3 |
| Villagers / military | 131 / 101 |
Focus
⚔️ 38.0% · 🌾 62.0%
Spearman ×54 · Bombard Cannon ×22 · Urumi Swordsman ×14 · Monk ×4 · Scout Cavalry ×4 · Trebuchet (Packed) ×2
Match map
Initial resources + every placement click. Lines = walls · curves = elevation contours. ◆ gold · ⬟ stone · ● berries · ✦ relic · ◌ wall gap
Your base· ✓ Closed at 15:36 · 22t walls · 2 gate(s)
Rol1ng's base· ✓ Closed at 19:38 · 3t walls · 2 gate(s)
Smoothed initial terrain · ◌ = detected wall gap · hover for details
Inputs per minute
— Dr Housed - - Rol1ng
Build order — Dr Housed
First 150 of 361 actions detected
| 0:00 | Queue | Villager (Male) |
| 0:02 | Build | House |
| 0:04 | Build | House |
| 0:14 | Queue | Villager (Male) |
| 0:14 | Queue | Villager (Male) |
| 0:15 | Queue | Villager (Male) |
| 1:24 | Queue | Villager (Male) |
| 1:50 | Build | Lumber Camp |
| 1:56 | Queue | Villager (Male) |
| 2:17 | Queue | Villager (Male) |
| 2:36 | Queue | Villager (Male) |
| 3:18 | Queue | Villager (Male) |
| 3:19 | Queue | Villager (Male) |
| 3:50 | Build | House |
| 3:51 | Build | House |
| 4:00 | Queue | Villager (Male) |
| 4:08 | Queue | Villager (Male) |
| 4:30 | Queue | Villager (Male) |
| 4:43 | Build | Mill |
| 5:11 | Queue | Villager (Male) |
| 5:42 | Queue | Villager (Male) |
| 5:42 | Queue | Villager (Male) |
| 6:07 | Queue | Villager (Male) |
| 6:08 | Queue | Villager (Male) |
| 6:34 | Build | Farm |
| 6:37 | Build | Farm |
| 7:26 | Queue | Villager (Male) |
| 7:26 | Queue | Villager (Male) |
| 7:39 | Build | House |
| 8:03 | Build | Mining Camp |
| 8:21 | Queue | Villager (Male) |
| 8:35 | Build | Palisade Wall |
| 8:42 | Queue | Villager (Male) |
| 8:42 | Research | Feudal Age |
| 8:44 | Research | Loom |
| 8:46 | Research | Feudal Age |
| 8:47 | Queue | Villager (Male) |
| 8:47 | Queue | Villager (Male) |
| 8:52 | Build | Palisade Wall |
| 9:11 | Build | Barracks |
| 9:15 | Build | Palisade Wall |
| 9:16 | Build | Palisade Wall |
| 9:19 | Build | Palisade Wall |
| 11:13 | Build | Palisade Wall |
| 11:46 | Age | Feudal Age |
| 11:53 | Build | Stable |
| 11:56 | Build | Blacksmith |
| 12:11 | Build | Palisade Wall |
| 12:15 | Research | Double-Bit Axe |
| 12:22 | Build | Farm |
| 12:25 | Build | Farm |
| 12:32 | Build | Farm |
| 12:37 | Build | Farm |
| 12:56 | Research | Castle Age |
| 13:10 | Build | Palisade Wall |
| 13:44 | Build | Mining Camp |
| 14:05 | Research | Scale Barding Armor |
| 14:40 | Build | Market |
| 14:48 | Build | Palisade Wall |
| 15:04 | Build | Farm |
| 15:05 | Build | Farm |
| 15:22 | Queue | Villager (Male) |
| 15:27 | Build | Farm |
| 15:36 | Age | Castle Age |
| 15:49 | Queue | Knight |
| 15:55 | Build | Siege Workshop |
| 16:01 | Build | Farm |
| 16:13 | Queue | Villager (Male) |
| 16:16 | Build | House |
| 16:21 | Build | House |
| 16:24 | Queue | Knight |
| 16:25 | Queue | Villager (Male) |
| 16:32 | Build | House |
| 16:33 | Queue | Villager (Male) |
| 16:49 | Queue | Villager (Male) |
| 16:51 | Build | House |
| 16:54 | Queue | Villager (Male) |
| 17:05 | Queue | Battering Ram |
| 17:06 | Queue | Villager (Male) |
| 17:10 | Queue | Knight |
| 17:14 | Queue | Villager (Male) |
| 17:33 | Queue | Knight |
| 17:36 | Build | Farm |
| 17:55 | Queue | Villager (Male) |
| 18:10 | Queue | Battering Ram |
| 18:27 | Queue | Villager (Male) |
| 18:36 | Queue | Villager (Male) |
| 18:40 | Queue | Scorpion |
| 18:48 | Queue | Villager (Male) |
| 19:04 | Queue | Villager (Male) |
| 19:34 | Queue | Villager (Male) |
| 19:37 | Build | Monastery |
| 20:03 | Queue | Villager (Male) |
| 20:08 | Build | Mill |
| 20:09 | Build | Farm |
| 20:09 | Build | Farm |
| 20:09 | Build | Farm |
| 20:09 | Build | Farm |
| 20:10 | Build | Farm |
| 20:10 | Build | Farm |
| 20:10 | Build | Farm |
| 20:10 | Build | Farm |
| 20:19 | Queue | Monk |
| 20:20 | Queue | Villager (Male) |
| 20:48 | Queue | Scorpion |
| 20:48 | Queue | Villager (Male) |
| 21:01 | Queue | Villager (Male) |
| 21:07 | Queue | Villager (Male) |
| 21:09 | Build | Palisade Wall |
| 21:15 | Build | House |
| 21:27 | Queue | Villager (Male) |
| 21:31 | Queue | Scorpion |
| 21:32 | Queue | Villager (Male) |
| 21:41 | Queue | Monk |
| 21:50 | Build | Farm |
| 21:51 | Queue | Villager (Male) |
| 21:53 | Build | Farm |
| 21:53 | Build | Farm |
| 21:53 | Build | Farm |
| 21:53 | Build | Farm |
| 21:54 | Build | Farm |
| 21:54 | Build | Farm |
| 22:29 | Queue | Scorpion |
| 22:41 | Queue | Villager (Male) |
| 22:47 | Queue | Villager (Male) |
| 23:04 | Queue | Villager (Male) |
| 23:08 | Queue | Villager (Male) |
| 23:37 | Queue | Villager (Male) |
| 23:43 | Queue | Scorpion |
| 23:43 | Queue | Villager (Male) |
| 23:50 | Queue | Monk |
| 23:55 | Build | Farm |
| 23:56 | Build | Farm |
| 23:56 | Queue | Villager (Male) |
| 24:21 | Build | Gate |
| 24:29 | Queue | Villager (Male) |
| 24:39 | Build | Stone Wall |
| 24:40 | Queue | Villager (Male) |
| 24:50 | Queue | Villager (Male) |
| 24:57 | Research | Horse Collar |
| 24:59 | Research | Bow Saw |
| 25:00 | Queue | Villager (Male) |
| 25:25 | Queue | Villager (Male) |
| 25:34 | Build | Town Center |
| 25:37 | Queue | Villager (Male) |
| 26:05 | Queue | Villager (Male) |
| 26:23 | Queue | Villager (Male) |
| 26:33 | Build | House |
| 26:34 | Queue | Villager (Male) |
| 26:59 | Research | Heavy Plow |
Build order — Rol1ng
First 150 of 372 actions detected
| 0:00 | Queue | Villager (Male) |
| 0:00 | Queue | Villager (Male) |
| 0:04 | Build | House |
| 0:47 | Queue | Villager (Male) |
| 0:53 | Queue | Villager (Male) |
| 1:17 | Build | House |
| 1:18 | Build | House |
| 1:31 | Queue | Villager (Male) |
| 2:05 | Queue | Villager (Male) |
| 2:22 | Queue | Villager (Male) |
| 2:57 | Queue | Villager (Male) |
| 3:13 | Queue | Villager (Male) |
| 3:33 | Queue | Villager (Male) |
| 3:33 | Queue | Villager (Male) |
| 4:03 | Queue | Villager (Male) |
| 4:04 | Queue | Villager (Male) |
| 4:21 | Queue | Villager (Male) |
| 4:27 | Build | House |
| 5:03 | Queue | Villager (Male) |
| 5:11 | Build | Lumber Camp |
| 5:13 | Build | Mill |
| 6:08 | Research | Feudal Age |
| 7:11 | Queue | Villager (Male) |
| 7:11 | Queue | Villager (Male) |
| 7:16 | Build | Mining Camp |
| 7:44 | Build | House |
| 8:08 | Build | House |
| 8:18 | Age | Feudal Age |
| 8:19 | Research | Double-Bit Axe |
| 8:24 | Build | Watch Tower |
| 8:37 | Queue | Villager (Male) |
| 9:14 | Queue | Villager (Male) |
| 9:24 | Research | Town Watch |
| 9:27 | Research | Horse Collar |
| 9:34 | Build | Farm |
| 9:38 | Build | Farm |
| 9:41 | Build | Farm |
| 9:43 | Build | Farm |
| 9:44 | Build | Farm |
| 9:46 | Queue | Villager (Male) |
| 9:46 | Queue | Villager (Male) |
| 10:19 | Queue | Villager (Male) |
| 10:20 | Research | Loom |
| 10:38 | Queue | Villager (Male) |
| 10:54 | Queue | Villager (Male) |
| 11:22 | Build | Watch Tower |
| 11:27 | Build | Farm |
| 11:29 | Build | Farm |
| 11:31 | Build | Farm |
| 11:34 | Queue | Villager (Male) |
| 11:34 | Queue | Villager (Male) |
| 11:56 | Queue | Villager (Male) |
| 12:19 | Queue | Villager (Male) |
| 12:22 | Build | Farm |
| 12:43 | Build | House |
| 12:44 | Build | House |
| 12:52 | Build | Blacksmith |
| 12:53 | Queue | Villager (Male) |
| 12:54 | Queue | Villager (Male) |
| 13:28 | Queue | Villager (Male) |
| 13:46 | Build | Watch Tower |
| 13:56 | Build | Watch Tower |
| 14:00 | Build | Farm |
| 14:24 | Build | House |
| 14:50 | Build | Watch Tower |
| 14:52 | Queue | Villager (Male) |
| 14:55 | Research | Wheelbarrow |
| 14:55 | Research | Wheelbarrow |
| 15:00 | Build | Market |
| 15:39 | Build | House |
| 15:50 | Build | House |
| 16:09 | Build | House |
| 16:11 | Build | House |
| 16:19 | Queue | Villager (Male) |
| 16:53 | Build | Watch Tower |
| 16:58 | Research | Castle Age |
| 16:58 | Research | Castle Age |
| 17:14 | Research | Fletching |
| 17:14 | Research | Fletching |
| 17:21 | Build | Barracks |
| 17:33 | Build | Barracks |
| 17:50 | Research | Scale Mail Armor |
| 17:50 | Research | Scale Mail Armor |
| 17:56 | Build | Barracks |
| 17:58 | Build | House |
| 18:08 | Build | House |
| 18:13 | Queue | Spearman |
| 18:14 | Queue | Spearman |
| 18:19 | Build | House |
| 18:22 | Build | Palisade Wall |
| 18:23 | Build | Palisade Wall |
| 18:25 | Build | Palisade Wall |
| 18:27 | Queue | Villager (Male) |
| 18:31 | Queue | Spearman |
| 18:48 | Queue | Spearman |
| 18:52 | Queue | Spearman |
| 18:53 | Queue | Spearman |
| 19:34 | Queue | Spearman |
| 19:34 | Queue | Spearman |
| 19:36 | Queue | Spearman |
| 19:36 | Queue | Spearman |
| 19:38 | Age | Castle Age |
| 19:40 | Build | Palisade Wall |
| 19:49 | Queue | Villager (Male) |
| 19:52 | Research | Pikeman (upgrade) |
| 20:16 | Queue | Spearman |
| 20:21 | Queue | Villager (Male) |
| 20:41 | Queue | Villager (Male) |
| 20:46 | Research | Bow Saw |
| 20:46 | Research | Bow Saw |
| 21:07 | Build | Siege Workshop |
| 21:48 | Queue | Spearman |
| 21:48 | Queue | Spearman |
| 21:49 | Queue | Spearman |
| 21:49 | Queue | Spearman |
| 22:25 | Queue | Villager (Male) |
| 22:32 | Queue | Spearman |
| 22:32 | Queue | Spearman |
| 23:00 | Queue | Villager (Male) |
| 23:02 | Queue | Villager (Male) |
| 23:04 | Build | Farm |
| 23:16 | Build | Monastery |
| 23:38 | Queue | Villager (Male) |
| 23:48 | Queue | Villager (Male) |
| 24:05 | Queue | Monk |
| 24:05 | Queue | Monk |
| 24:07 | Queue | Villager (Male) |
| 24:07 | Queue | Villager (Male) |
| 24:24 | Queue | Villager (Male) |
| 24:27 | Build | Stable |
| 24:31 | Research | Forging |
| 24:34 | Queue | Villager (Male) |
| 24:44 | Queue | Villager (Male) |
| 25:01 | Queue | Villager (Male) |
| 25:13 | Build | Town Center |
| 25:38 | Queue | Scout Cavalry |
| 25:38 | Queue | Scout Cavalry |
| 25:40 | Queue | Scout Cavalry |
| 25:46 | Build | Lumber Camp |
| 25:53 | Queue | Monk |
| 26:12 | Queue | Villager (Male) |
| 26:12 | Queue | Villager (Male) |
| 26:26 | Build | Farm |
| 26:26 | Build | Farm |
| 26:28 | Build | Farm |
| 26:50 | Build | Farm |
| 26:51 | Build | Farm |
| 26:54 | Build | Farm |
| 26:56 | Build | Farm |
| 27:00 | Build | Farm |
Match timeline
| 8:18 | Rol1ng · age_up feudal |
| 8:35 | Dr Housed · wall_segment Palisade Wall x10 |
| 8:52 | Dr Housed · wall_segment Palisade Wall x2 |
| 9:11 | Dr Housed · first_building Barracks |
| 9:15 | Dr Housed · wall_segment Palisade Wall x1 |
| 9:16 | Dr Housed · wall_segment Palisade Wall x1 |
| 9:19 | Dr Housed · wall_segment Palisade Wall x6 |
| 11:13 | Dr Housed · wall_segment Palisade Wall x1 |
| 11:46 | Dr Housed · age_up feudal |
| 11:53 | Dr Housed · first_building Stable |
| 12:11 | Dr Housed · wall_segment Palisade Wall x1 |
| 13:10 | Dr Housed · wall_segment Palisade Wall x1 |
| 14:48 | Dr Housed · wall_segment Palisade Wall x1 |
| 15:36 | Dr Housed · age_up castle |
| 15:55 | Dr Housed · first_building Siege Workshop |
| 16:25 | Rol1ng · first_market_sell 100 wood |
| 17:21 | Rol1ng · first_building Barracks |
| 18:22 | Rol1ng · wall_segment Palisade Wall x1 |
| 18:23 | Rol1ng · wall_segment Palisade Wall x1 |
| 18:25 | Rol1ng · wall_segment Palisade Wall x1 |
| 19:37 | Dr Housed · first_building Monastery |
| 19:38 | Rol1ng · age_up castle |
| 19:40 | Rol1ng · wall_segment Palisade Wall x1 |
| 21:07 | Rol1ng · first_building Siege Workshop |
| 21:09 | Dr Housed · wall_segment Palisade Wall x1 |
| 23:16 | Rol1ng · first_building Monastery |
| 24:27 | Rol1ng · first_building Stable |
| 24:39 | Dr Housed · wall_segment Stone Wall x1 |
| 27:09 | Dr Housed · first_market_sell 100 wood |
| 27:10 | Dr Housed · first_market_buy 100 stone |
| 30:12 | Rol1ng · first_building Castle |
| 34:46 | Dr Housed · first_building Archery Range |
| 35:11 | Rol1ng · age_up imperial |
| 37:08 | Dr Housed · age_up imperial |
| 37:25 | Dr Housed · first_building Castle |
| 38:23 | Rol1ng · first_market_buy 500 stone |
| 44:39 | Rol1ng · first_building Archery Range |
| 46:14 | Dr Housed · resign |
[ AI ANALYSIS · 1 CREDIT ]
What really happened in this match?
Wolo.gg analyzes every decision: build order, eco, micro, common mistakes by bracket. Personalized analysis on WhatsApp or Discord in 30 seconds.
Civ guide
Bohemians
Perfil
Jugador #6892920